 Dungeon Sprint DCSS version 0.26.0-91-g99b343417d (webtiles) character file.

Game seed: 14054713251218896375

3129 Groucho the Unseen (level 9, 0/50 HPs)
             Began as a Felid Fighter on Feb 4, 2021.
             Was a High Priest of Sif Muna.
             Slain by Gastronok (17 damage)
             ... in the Dungeon (Sprint IX: "|||||||||||||||||||||||||||||").
             The game lasted 00:04:36 (1636 turns).

Groucho the Unseen (Felid Fighter)                  Turns: 1636, Time: 00:04:36

Health: 0/50       AC:  4    Str: 15    XL:     9   Next: 61%
Magic:  17/17      EV: 32    Int: 10    God:    Sif Muna [*****.]
Gold:   0          SH:  0    Dex: 18    Spells: 17/18 levels left
                                        Lives:  0   Deaths: 2

rFire    . . .     SeeInvis +     - Unarmed
rCold    . . .     Faith    .   (shield unavailable)
rNeg     . . .     Spirit   .   (armour unavailable)
rPois    .         Reflect  .   (helmet unavailable)
rElec    .         Harm     .   (cloak unavailable)
rCorr    .         Rampage  .   (gloves unavailable)
Will     +....     NoTele   +   (boots unavailable)
Stlth    +++++++...             (no amulet)
HPRegen  0.16/turn              l - +2 ring of protection
MPRegen  0.15/turn              m - +3 ring of dexterity

@: slowed, slow
A: very small, no armour, no weapons or thrown items, stealth, claws 1, fangs 3,
see invisible, speed 1, shaggy fur 2, sharp paws
a: Renounce Religion, Channel Magic, Forget Spell, Divine Exegesis


You were in the Dungeon.
You worshipped Sif Muna.
Sif Muna was extremely pleased with you.
You visited 1 branch

Inventory:

Jewellery
 l - a +2 ring of protection (left paw)
 m - a +3 ring of dexterity (right paw)
Wands
 k - a wand of acid (10)
Scrolls
 g - 3 scrolls of blinking
 i - 3 scrolls of remove curse
 j - 2 scrolls of amnesia
 n - a scroll of fog
Potions
 a - a potion of might
 b - 5 potions of curing
 c - 3 potions of heal wounds
 e - 4 potions of magic
 h - a potion of brilliance


   Skills:
 * Level 12.6 Fighting
 * Level 15.7 Dodging
 * Level 16.5 Stealth
 * Level 12.8 Unarmed Combat
 + Level 5.0 Spellcasting
 + Level 5.5 Invocations


You had 17 spell levels left.
You knew the following spells:

 Your Spells              Type           Power        Failure   Level
a - Foxfire               Conj/Fire      8%           22%         1

Your spell library contained the following spells:

 Spells                   Type           Power        Failure   Level
 Animate Skeleton         Necr           4%           22%         1
 Pain                     Necr           8%           22%         1
 Vampiric Draining        Necr           1%           56%         3
 Animate Dead             Necr           1%           92%         4
 Petrify                  Tmut/Erth      2%           92%         4
 Agony                    Necr           2%           99%         5
 Fireball                 Conj/Fire      1%           99%         5
 Eringya's Noxious Bog    Tmut/Pois      1%           100%        6


Dungeon Overview and Level Annotations

Branches:
Dungeon (1/1)

Altars:
Cheibriados
Dithmenos
Elyvilon
Fedhas
Gozag
Hepliaklqana
Kikubaaqudgha
Makhleb
Nemelex Xobeh
Okawaru
Qazlal
Ru
Sif Muna
Trog
Uskayaw
Vehumet
Wu Jian
Xom
Yredelemnul
Zin
The Shining One
Beogh
Jiyva
Lugonu

Annotations:
D Gastronok


Innate Abilities, Weirdness & Mutations

You cannot wear armour.
You are incapable of wielding weapons or throwing items.
Your paws allow you to move quietly. (Stealth)
You have sharp claws.
You have razor-sharp teeth.
You have supernaturally acute eyesight. (SInv)
You cover ground quickly.
You are covered in thick fur. (AC +2)
Your sharp claws are effective at attacking unaware monsters.


Message History

You scratch Gastronok.
Gastronok is heavily wounded.
Gastronok closely misses you.
You claw Gastronok!
Gastronok is heavily wounded.
You mangle Gastronok!! You bite Gastronok.
Gastronok is severely wounded.
Gastronok completely misses you.
You claw Gastronok! You bite Gastronok.
Gastronok is almost dead.
Gastronok completely misses you.
Unknown command.
You feel much better.
You claw Gastronok!
Gastronok is almost dead.
Gastronok bites you.
You claw Gastronok!
Gastronok is almost dead.
Gastronok bites you!
You die...

▓▓▓▓▓▓▓▓▓▓▓▓▓▓▓▓▓▓▓▓▓▓▓▓
................@w......
▓▓▓▓▓▓▓▓▓▓▓▓▓▓▓▓▓▓▓▓▓▓▓▓ ▓▓▓▓▓▓▓▓
†F....FF
▓▓▓▓▓▓▓▓▓▓▓▓▓▓▓▓▓▓▓▓▓▓▓▓▓▓▓▓▓▓▓▓▓
.................................


You could see Gastronok.

Vanquished Creatures
  Erolcha (D)
  A hydra (D)
  Erica (D)
  A death yak (D)
  An ugly thing (D)
  A black mamba (D)
  2 cane toads (D)
  A rime drake (D)
  A kobold demonologist (D)
  2 komodo dragons (D)
  A meliai (shapeshifter) (D)
  A polar bear (D)
  A blink frog (D)
  A yak (D)
  A soldier ant (D)
  2 water moccasins (D)
  A black bear (D)
  An ogre (D)
  A phantom (D)
  A necrophage (D)
  2 bullfrogs (D)
  A jelly (D)
  2 hounds (D)
  An orc wizard (D)
  A worker ant (D)
  An adder (D)
  A white imp (D)
  An ufetubus (D)
  A dart slug (D)
  A quokka (D)
  3 goblins (D)
  A rat (D)
39 creatures vanquished.

Vanquished Creatures (others)
  3 foxfires (D)
3 creatures vanquished.

Grand Total: 42 creatures vanquished

Notes
Turn   | Place    | Note
-------+----------+-------------------------------------------
     0 | D        | Groucho the Felid Fighter began the quest for the Orb.
     0 | D        | Reached XP level 1. HP: 10/10 MP: 2/2
    11 | D        | Reached skill level 1 in Stealth
    14 | D        | Reached skill level 2 in Stealth
   239 | D        | Noticed an orc wizard
   239 | D        | Noticed a worker ant
   239 | D        | Noticed a hound
   243 | D        | Killed an orc wizard
   244 | D        | Reached skill level 5 in Dodging
   244 | D        | Reached skill level 4 in Stealth
   244 | D        | Reached skill level 5 in Unarmed Combat
   244 | D        | Reached XP level 2. HP: 12/15 MP: 3/3
   244 | D        | Reached XP level 3. HP: 14/18 MP: 4/4
   250 | D        | Reached skill level 5 in Stealth
   253 | D        | Reached skill level 5 in Fighting
   253 | D        | Reached XP level 4. HP: 19/23 MP: 5/5
   256 | D        | Reached skill level 6 in Stealth
   305 | D        | Found a roughly hewn altar of Beogh.
   305 | D        | Found a snail-covered altar of Cheibriados.
   305 | D        | Found a shadowy altar of Dithmenos.
   305 | D        | Found a white marble altar of Elyvilon.
   305 | D        | Found a blossoming altar of Fedhas.
   305 | D        | Found an opulent altar of Gozag.
   306 | D        | Found a hazy altar of Hepliaklqana.
   307 | D        | Found a viscous altar of Jiyva.
   308 | D        | Found an ancient bone altar of Kikubaaqudgha.
   309 | D        | Found a corrupted altar of Lugonu.
   310 | D        | Found a burning altar of Makhleb.
   311 | D        | Found a sparkling altar of Nemelex Xobeh.
   312 | D        | Found an iron altar of Okawaru.
   313 | D        | Found a stormy altar of Qazlal.
   314 | D        | Found a sacrificial altar of Ru.
   315 | D        | Found a shimmering blue altar of Sif Muna.
   316 | D        | Found a bloodstained altar of Trog.
   317 | D        | Found a hide-covered altar of Uskayaw.
   318 | D        | Found a radiant altar of Vehumet.
   329 | D        | Found an ornate altar of the Wu Jian Council.
   330 | D        | Found a shimmering altar of Xom.
   331 | D        | Found a basalt altar of Yredelemnul.
   332 | D        | Found a glowing silver altar of Zin.
   333 | D        | Became a worshipper of Sif Muna the Loreminder
   334 | D        | Found a glowing golden altar of the Shining One.
   360 | D        | Noticed an ogre
   360 | D        | Noticed a necrophage
   360 | D        | Noticed a black bear
   363 | D        | Killed an ogre
   364 | D        | Reached skill level 7 in Stealth
   364 | D        | Reached XP level 5. HP: 28/28 MP: 6/6
   365 | D        | Killed a necrophage
   366 | D        | Reached skill level 8 in Stealth
   366 | D        | Gained mutation: You are covered in thick fur. (AC +2)
                  | [Felid growth]
   366 | D        | Reached XP level 6. HP: 31/31 MP: 7/7
   367 | D        | Reached * piety under Sif Muna
   368 | D        | Reached skill level 9 in Stealth
   378 | D        | Reached ** piety under Sif Muna
   379 | D        | Reached skill level 10 in Dodging
   381 | D        | Noticed a red ugly thing
   381 | D        | Noticed a kobold demonologist
   381 | D        | Noticed a meliai
   381 | D        | Noticed a soldier ant
   384 | D        | Reached skill level 10 in Stealth
   387 | D        | Killed a white ugly thing
   388 | D        | Reached skill level 11 in Stealth
   388 | D        | Reached XP level 7. HP: 37/38 MP: 8/8
   397 | D        | Killed a kobold demonologist
   397 | D        | Reached *** piety under Sif Muna
   398 | D        | Reached skill level 12 in Stealth
   398 | D        | Reached XP level 8. HP: 29/42 MP: 9/9
   399 | D        | Killed a meliai
   400 | D        | Reached skill level 10 in Unarmed Combat
   404 | D        | Reached skill level 10 in Fighting
   404 | D        | Reached skill level 13 in Stealth
   957 | D        | Noticed a black mamba
   957 | D        | Noticed a komodo dragon
   957 | D        | Noticed a polar bear
   958 | D        | Noticed a rime drake
   962 | D        | Reached **** piety under Sif Muna
   965 | D        | Noticed a cane toad
   967 | D        | Killed a black mamba
   968 | D        | Reached skill level 1 in Spellcasting
   968 | D        | Reached skill level 1 in Invocations
   974 | D        | Reached XP level 9. HP: 47/47 MP: 9/12
   976 | D        | Killed a komodo dragon
   977 | D        | Reached skill level 14 in Stealth
   983 | D        | Killed a polar bear
   988 | D        | Killed a rime drake
   988 | D        | Reached ***** piety under Sif Muna
  1002 | D        | Killed a cane toad
  1397 | D        | Noticed a komodo dragon
  1397 | D        | Noticed a cane toad
  1397 | D        | Noticed a death yak
  1397 | D        | Noticed an eight-headed hydra
  1401 | D        | Noticed a cane toad
  1409 | D        | Noticed a cane toad
  1410 | D        | Mangled by a death yak
  1411 | D        | Reached XP level 8. HP: -8/45 MP: 13/13
  1474 | D        | Killed a komodo dragon
  1475 | D        | Reached skill level 15 in Stealth
  1494 | D        | Killed a cane toad
  1494 | D        | Identified Launtodi's Catalogue of the Shifting Volcanoes
                  | (Sif Muna gifted it to you in the Dungeon)
  1494 | D        | Received a gift from Sif Muna
  1495 | D        | Reached XP level 9. HP: 34/48 MP: 15/15
  1500 | D        | Learned a level 1 spell: Foxfire
  1515 | D        | Noticed a catoblepas
  1549 | D        | Killed a death yak
  1552 | D        | Killed an eight-headed hydra
  1553 | D        | Reached skill level 15 in Dodging
  1572 | D        | Mangled by a cane toad
  1573 | D        | Reached XP level 8. HP: -8/45 MP: 15/15
  1583 | D        | Noticed Erolcha
  1590 | D        | Killed Erolcha
  1591 | D        | Reached skill level 16 in Stealth
  1591 | D        | Reached skill level 5 in Invocations
  1591 | D        | Reached XP level 9. HP: 49/49 MP: 15/17
  1609 | D        | Noticed Erica
  1612 | D        | Noticed Gastronok
  1623 | D        | Killed Erica
  1624 | D        | Reached skill level 5 in Spellcasting
  1626 | D        | HP: 2/50 [Gastronok (27)]
  1636 | D        | Slain by Gastronok

Illustrated notes

Levels and vault maps discovered:
D:        linesprint [early_d, line_temple, items_1, d_10, items_2, lair_1,
          lair_end, items_3, orc_1, orc_end, items_4, d_15, swamp_1, shoals_1,
          snake_1, spider_1, d_20, vaults_1, items_5, swamp_end, shoals_end,
          snake_end, spider_end, vaults_end, d_27, items_6, zot_1, zot_end,
          crypt_end, forest_end, elf_end, slime_end, tomb_end, abyss_end,
          pan_hell_end]

Skill      XL: |  1  2  3  4  5  6  7  8  9 |
---------------+----------------------------+-----
Stealth        | 4 5 7 8 11 12 16 14 | 16.5
Fighting       | 4 5 6 9 10 12 | 12.6
Dodging        | 5 6 8 9 11 12 13 15 | 15.7
Unarmed Combat | 5 6 7 9 10 12 | 12.8
Spellcasting   | 1 5 |  5.0
Invocations    | 5 3 |  5.5

Action                   |  1- 3 |  4- 6 |  7- 9 || total
-------------------------+-------+-------+-------++-------
Melee: Unarmed           |    30 |    19 |   121 ||   170
       Bite              |     4 |     2 |    15 ||    21
       Punch             |     1 |       |     5 ||     6
 Cast: Foxfire           |       |       |     4 ||     4
  Use: Potion            |       |     1 |     6 ||     7
 Stab: Sleeping          |       |     6 |     2 ||     8
       Invisible         |       |     2 |     4 ||     6
Armor: Skin              |     1 |       |     1 ||     2
Dodge: Dodged            |    15 |    10 |    89 ||   114
